 Dungeon Crawl Stone Soup version 0.25.1-2-g60ff931df9 (webtiles) character file.

Game seed: 1726530480301712841

3403 Gunterle the Transmogrifier (level 9, -27/57 HPs)
             Began as a White Draconian Transmuter on Oct 8, 2020.
             Was an Initiate of Hepliaklqana.
             Annihilated by an orc knight
             ... wielding a +0 war axe
              (30 damage)
             ... in a bailey.
             The game lasted 00:43:41 (9172 turns).

Gunterle the Transmogrifier (DrTm)                  Turns: 9172, Time: 00:43:41

Health: -27/57     AC:  2    Str: 14    XL:     9   Next: 75%
Magic:  14/14      EV: 19    Int: 16    God:    Hepliaklqana [......]
Gold:   262        SH:  0    Dex: 16    Spells: 4/15 levels left

rFire    . . .     SeeInvis +     - Unarmed
rCold    . . .     Gourm    .   (shield currently unavailable)
rNeg     . . .     Faith    .   (armour unavailable)
rPois    x         Spirit   .   (helmet currently unavailable)
rElec    .         Reflect  .   (cloak currently unavailable)
rCorr    +         Harm     .   (gloves currently unavailable)
MR       .....                  (boots currently unavailable)
Stlth    +.........             n - amulet of the acrobat
HPRegen  0.19/turn              g - ring of see invisible
MPRegen  0.14/turn              q - ring of resist corrosion

@: about to teleport, spider-form (expiring), hasted, very quick
A: tiny, (breathe frost), unfitting armour, reduced essence, AC +7
a: End Transformation, Recall Ancestor, Ancestor Identity, Renounce Religion


You were in a bailey.
You worshipped Hepliaklqana.
Hepliaklqana was noncommittal.
You were hungry.
You were a venomous arachnid creature.
You visited 2 branches of the dungeon, and saw 8 of its levels.
You also visited: Bailey.

You collected 262 gold pieces.

Inventory:

Hand Weapons
 d - a +2 scimitar
 j - a +0 dagger of holy wrath
 C - a +3 great sword of venom
 F - a +2 falchion of draining
Missiles
 f - 111 stones
 m - 101 poisoned darts (quivered)
 v - 97 arrows
 w - 8 boomerangs
 D - 5 silver boomerangs
Armour
 b - a +0 tower shield
 x - a +0 cloak (melded)
Magical Staves
 B - an uncursed staff of earth
Jewellery
 g - a ring of see invisible (left front leg)
 n - an amulet of the acrobat (around neck)
 q - a ring of resist corrosion (right front leg)
 r - an uncursed ring of positive energy
Wands
 s - a wand of flame (22)
Scrolls
 h - a scroll of enchant weapon
 k - 2 scrolls of amnesia
 t - a scroll of immolation
 A - 2 scrolls of remove curse
 E - a scroll of noise {unknown}
 G - a scroll of fog
Potions
 e - 2 potions of brilliance
 l - a potion of resistance {unknown}
 u - a potion of might
 z - 3 potions of flight
Miscellaneous
 a - a phial of floods
Comestibles
 c - 9 rations


   Skills:
 - Level 1.1 Fighting
 - Level 1.7 Dodging
 - Level 3.6 Unarmed Combat
 + Level 3.8 Spellcasting
 + Level 11.4 Transmutations
 - Level 6.5 Poison Magic


You had 4 spell levels left.
You knew the following spells:

 Your Spells              Type           Power        Failure   Level  Hunger
a - Beastly Appendage     Tmut           #####.       1%          1    None
b - Sticks to Snakes      Tmut           #####...     2%          2    ##.....
c - Spider Form           Tmut/Pois      ####......   6%          3    ###....
d - Blade Hands           Tmut           #####.....   13%         5    ######.

Your spell library contained the following spells:

 Spells                   Type           Power        Failure   Level  Hunger
 Ice Form                 Ice/Tmut       ###.....     34%         4    ####...
 Petrify                  Tmut/Erth      ###.....     34%         4    ####...
 Confusing Touch          Hex            #.......     67%         3    ###....
 Gell's Gravitas          Tloc           #.........   67%         3    ###....
 Yara's Violent Unravell  Hex/Tmut       ###.......   63%         5    ######.
 Metabolic Englaciation   Hex/Ice        #.........   100%        5    ######.


Dungeon Overview and Level Annotations

Branches:
Dungeon (7/15)             Temple (1/1) D:7          Bailey (1/1)

Altars:
Ashenzari
Cheibriados
Dithmenos
Elyvilon
Fedhas
Hepliaklqana
Kikubaaqudgha
Makhleb
Nemelex Xobeh
Okawaru
Ru
Sif Muna
Trog
Uskayaw
Vehumet
Wu Jian
Xom
Yredelemnul
Zin
The Shining One

Shops:
D:5 (

Annotations:
D:6 exclusion: water moccasin, Eustachio


Innate Abilities, Weirdness & Mutations

((You can breathe waves of freezing cold.))
((You can buffet flying creatures when you breathe cold.))
((Your icy white scales are hard. (AC +7)))
You cannot fit into any form of body armour.
((Your flesh is cold resistant. (rC+)))
((You are cold-blooded and may be slowed by cold attacks.))
Your life essence is reduced to manifest your ancestor. (-10% HP)


Message History

Okay, then.
An electric eel comes into view.
Your transformation is almost over.
An orc sorcerer comes into view. It is wielding a +0 war axe.
The orc sorcerer no longer looks unusually strong.
The orc knight roars a battlecry!
The orc sorcerer goes into a battle-frenzy!
The orc sorcerer casts a spell at you. The bolt of fire hits you!!
Ouch! That really hurt!
* * * LOW HITPOINT WARNING * * *
There is a large open door here.
Okay, then.
As you read the scroll of teleportation, it crumbles to dust.
You feel strangely unstable.
Unknown command.
It was a potion of haste.
You feel yourself speed up.
The orc knight hits you with a +0 war axe!!
Ouch! That really hurt!
You die...

≈≈≈≈.........≈≈≈≈≈≈≈≈
≈≈≈≈≈≈≈...≈≈≈≈≈≈≈≈≈≈≈
≈≈≈≈≈≈≈..(≈≈≈≈≈≈≈≈≈≈≈
≈≈≈≈≈≈≈))(≈≈≈≈≈≈≈≈≈≈≈
≈≈≈≈≈≈≈..)≈≈≈≈≈≈≈≈≈≈≈
###≈≈≈≈o..)))≈######
#........)).#
#####''o#####
.'.....'s.# .'.....'o.#
.#..⌠..#..####
#.....#.....# .
#.....#..)8.# ..
#######.)...#
.8.###########.8.# ≈
.................# ≈≈≈
.8...........(.8.#.≈≈≈;


You could see an orc knight and an orc sorcerer (strong).

Vanquished Creatures
  Pikel (D:4)
  An orc sorcerer (Bailey)
  Sigmund (D:3)
  A hungry ghost (D:7)
  Edmund (D:6)
  3 orc warriors (Bailey)
  2 sky beasts
  An ice beast (D:7)
  2 slaves (D:4)
  A phantom (D:6)
  4 ogres
  2 centaurs
  A bullfrog (D:6)
  A gnoll sergeant (D:5)
  A scorpion (D:6)
  A water moccasin skeleton (D:5)
  A wight (D:4)
  3 crimson imps
  A quasit (D:5)
  3 orc priests
  2 hounds
  3 orc wizards
  A worker ant (D:6)
  Robin (D:2)
  11 gnolls
  4 adders
  An ooze (D:2)
  3 worms
  4 leopard geckos
  14 orcs
  A ball python (D:2)
  4 bats
  6 giant cockroaches
  14 hobgoblins
  16 jackals
  3 quokkas
  2 frilled lizards
  18 goblins
  A jackal skeleton (D:4)
  13 kobolds
  A rat (D:1)
155 creatures vanquished.

Vanquished Creatures (collateral kills)
  A black bear (D:6)
  A scorpion (D:4)
  An adder (D:4)
  5 orcs
  A goblin (Bailey)
  A hobgoblin (Bailey)
  2 jackals (D:6)
  A quokka (D:7)
  A quokka skeleton (D:7)
14 creatures vanquished.

Vanquished Creatures (others)
  3 ancestors (Bailey)
3 creatures vanquished.

Grand Total: 172 creatures vanquished

Notes
Turn   | Place    | Note
-------+----------+-------------------------------------------
     0 | D:1      | Gunterle the Draconian Transmuter began the quest for the
                  | Orb.
     0 | D:1      | Reached XP level 1. HP: 16/16 MP: 3/3
   289 | D:1      | Reached XP level 2. HP: 23/23 MP: 3/5
   322 | D:1      | Learned a level 2 spell: Sticks to Snakes
  1323 | D:2      | Reached XP level 3. HP: 28/28 MP: 4/6
  1354 | D:2      | Learned a level 3 spell: Spider Form
  1419 | D:2      | Reached skill level 3 in Transmutations
  1438 | D:2      | Noticed Robin
  1475 | D:2      | Killed Robin
  1476 | D:2      | Reached skill level 1 in Poison Magic
  1973 | D:2      | Reached XP level 4. HP: 34/35 MP: 7/7
  2281 | D:3      | Noticed Sigmund
  3201 | D:4      | Reached XP level 5. HP: 40/40 MP: 3/8
  3367 | D:4      | Found a large runed translucent door.
  3368 | D:4      | Found a large runed translucent door.
  3372 | D:4      | Noticed Pikel
  3373 | D:4      | Noticed an ogre
  3373 | D:4      | Noticed a slave
  3373 | D:4      | Noticed a slave
  3373 | D:4      | Noticed a slave
  3373 | D:4      | Noticed a slave
  3380 | D:4      | Found a large runed translucent door.
  3380 | D:4      | Found a large runed translucent door.
  3414 | D:4      | Reached skill level 4 in Transmutations
  3708 | D:3      | Found a glowing silver altar of Zin.
  3785 | D:4      | Reached XP level 6. HP: 47/47 MP: 9/9
  4142 | D:5      | Entered Level 5 of the Dungeon
  4252 | D:5      | Found a burning altar of Makhleb.
  4270 | D:5      | Reached skill level 5 in Transmutations
  4804 | D:5      | Found a shadowy altar of Dithmenos.
  4898 | D:5      | Your scales start taking on an icy white colour.
  4898 | D:5      | Reached XP level 7. HP: 52/52 MP: 7/10
  4898 | D:5      | Gained mutation: Your flesh is cold resistant. (rC+) [White
                  | Draconian growth]
  5057 | D:5      | Reached skill level 6 in Transmutations
  5057 | D:5      | Reached skill level 5 in Poison Magic
  5280 | D:5      | Found Avuwowny's Weapon Shop.
  5609 | D:6      | Noticed a cyclops
  5659 | D:6      | Noticed Edmund
  5674 | D:6      | Killed Edmund
  5736 | D:6      | Reached XP level 8. HP: 16/59 MP: 1/11
  5755 | D:6      | Reached skill level 7 in Transmutations
  5786 | D:6      | Noticed Eustachio
  6178 | D:6      | Learned a level 5 spell: Blade Hands
  6568 | D:6      | Reached skill level 8 in Transmutations
  6933 | D:3      | Killed Sigmund
  7245 | D:3      | Found a bloodstained altar of Trog.
  7428 | D:3      | Found a snail-covered altar of Cheibriados.
  7599 | D:4      | Reached skill level 9 in Transmutations
  7600 | D:4      | Killed Pikel
  7600 | D:4      | Reached skill level 10 in Transmutations
  7600 | D:4      | Reached XP level 9. HP: 58/64 MP: 8/12
  7857 | D:7      | Found a glowing golden altar of the Shining One.
  7953 | D:7      | Found a staircase to the Ecumenical Temple.
  7966 | Temple   | Entered the Ecumenical Temple
  8049 | Temple   | Became a worshipper of Hepliaklqana the Forgotten
  8245 | D:7      | Found a blossoming altar of Fedhas.
  8366 | D:7      | Found a flagged portal.
  8404 | Bailey   | Entered a bailey
  8942 | Bailey   | Noticed an orc sorcerer
  8949 | Bailey   | Reached skill level 11 in Transmutations
  8953 | Bailey   | Killed an orc sorcerer
  9132 | Bailey   | Noticed an orc knight
  9151 | Bailey   | Found an iron altar of Okawaru.
  9151 | Bailey   | Noticed an orc knight
  9167 | Bailey   | Noticed an orc sorcerer
  9169 | Bailey   | HP: 2/57 [orc sorcerer/bolt of fire (35)]
  9172 | Bailey   | Annihilated by an orc knight

Illustrated notes

Levels and vault maps discovered:
D:1:      dpeg_arrival_connections, layout_basic, serial_bayou_lake_a
D:2:      layout_loops_ring, uniq_robin
D:3:      layout_rooms, lemuel_doored_altar, lemuel_round_altar,
          lemuel_crystal_altar, first_ration, minmay_bisected, uniq_sigmund
D:4:      layout_basic, hex_tiny, minmay_hollow_rounded_squares, uniq_pikel
D:5:      layout_cave_pools, nicolae_dithmenos_shadow_blocks, serial_shops,
          shop_statue, basic_altar
D:6:      layout_basic, gup_sewer_entry_bubbles, uniq_eustachio, uniq_edmund
D:7:      layout_loops_ring, tso_altar, fedhas_altar_2,
          minmay_temple_entry_tees, enter_bailey_7
Temple:   jpeg_temple_clearing
Bailey:   bailey_axe_of_yendor_kennysheep, bailey

Skill      XL: |  1  2  3  4  5  6  7  8  9 |
---------------+----------------------------+-----
Transmutations | 3 4 5 6 10 11 | 11.4
Poison Magic   | 1 2 3 4 6 |  6.5
Spellcasting   | 3 |  3.8
Fighting       | |  1.1
Dodging        | |  1.7
Unarmed Combat | |  3.6

Action                   |  1- 3 |  4- 6 |  7- 9 || total
-------------------------+-------+-------+-------++-------
Melee: Unarmed           |   167 |   135 |   240 ||   542
       Tailslap          |    17 |     9 |     4 ||    30
       Kick              |    13 |    12 |     4 ||    29
       Headbutt          |     7 |    11 |     6 ||    24
       Punch             |     3 |     3 |       ||     6
Throw: Stone             |     1 |       |       ||     1
       Dart              |       |    24 |    12 ||    36
       Boomerang         |       |       |     7 ||     7
 Cast: Beastly Appendage |    26 |    23 |    12 ||    61
       Sticks to Snakes  |     2 |    10 |     8 ||    20
       Spider Form       |       |     1 |    27 ||    28
       Blade Hands       |       |       |     1 ||     1
Invok: Recall Ancestor   |       |       |     3 ||     3
 Abil: Breathe Frost     |       |       |     7 ||     7
Evoke: Wand              |       |     5 |    21 ||    26
       Phial of floods   |       |       |     1 ||     1
  Use: Scroll            |       |     6 |     7 ||    13
       Potion            |       |       |     1 ||     1
 Stab: Sleeping          |     1 |       |       ||     1
       Paralysed         |       |       |    12 ||    12
       Confused          |       |       |     2 ||     2
  Eat: Chunk             |     4 |     7 |    15 ||    26
       Ration            |       |     1 |     2 ||     3
Armor: Skin              |    53 |    28 |    36 ||   117
Dodge: Dodged            |   101 |   111 |   223 ||   435
